 Dungeon Crawl Stone Soup version 0.31-a0-702-gf82c85558f (webtiles) character file.

Game seed: 4031385300048297171

133 qw the Shooter (level 5, -2/32 HPs)
             Began as a Gargoyle Hunter on Sept 8, 2023.
             Slain by a gnoll
             ... wielding a +0 flail
              (7 damage)
             ... on level 3 of the Dungeon.
             The game lasted 00:00:44 (1831 turns).

qw the Shooter (Gargoyle Hunter)                    Turns: 1831, Time: 00:00:44

Health: -2/32      AC: 11    Str: 15    XL:     5   Next: 16%
Magic:  5/5        EV: 11    Int:  9    God:
Gold:   131        SH:  0    Dex: 15    Spells: 4/4 levels left

rFire   . . .        h - +0 shortbow (heavy)
rCold   . . .        (shield currently unavailable)
rNeg    + . .        i - +0 ring mail
rPois   inf          (no helmet)
rElec   +            k - +0 cloak
rCorr   .            a - +0 pair of gloves
SInv    .            (no boots)
Will    .....        j - amulet of faith
Stlth   +            (no ring)
HPRegen 0.25/turn    (no ring)
MPRegen 0.09/turn

%: faith
@: no status effects
A: sickness immunity, AC +4, negative energy resistance 1, electricity
resistance, torment resistance 1, petrification resistance
a: no special abilities


You were on level 3 of the Dungeon.
You visited 1 branch of the dungeon, and saw 3 of its levels.

You collected 201 gold pieces.
You spent 70 gold pieces at shops.


Innate Abilities, Weirdness & Mutations

You are immune to sickness and miasma.
Your stone body is resilient. (AC +4)
You are immune to poison.
You resist negative energy. (rN+)
You are resistant to electric shocks. (rElec)
You are resistant to unholy torment.
You are immune to petrification.


   Skills:
 - Level 3.2 Fighting
 + Level 5.7 Ranged Weapons
 - Level 1.0 Armour
 - Level 1.5 Dodging
 - Level 1.1 Stealth


You had 4 spell levels left.
You didn't know any spells.
Your spell library was empty.

Inventory:

Hand Weapons
 h - a +0 heavy shortbow (weapon)
Armour
 a - a +0 pair of gloves (worn)
 i - a +0 ring mail (worn)
 k - a +0 cloak (worn)
Jewellery
 j - an amulet of faith (around neck)
Scrolls
 c - a scroll of fog {unknown}
 l - 2 scrolls of identify
Potions
 b - a potion of brilliance {unknown}
 d - a potion of cancellation {unknown}
 e - 2 potions of haste
 f - 2 potions of curing

Dungeon Overview and Level Annotations

Branches:
Dungeon (3/15)

Altars:

Shops:
D:2 *


Message History

The orc hits you with a +2 war axe of draining.
You shoot an arrow. The arrow closely misses the orc.
The arrow hits the orc but does no damage.
The gnoll hits you but does no damage.
The orc hits you with a +2 war axe of draining.
The gnoll hits you from afar with a +0 spear.
You shoot an arrow. The arrow hits the orc!
You kill the orc!
The gnoll hits you but does no damage. The orc barely misses you.
An endoplasm comes into view.
The hobgoblin barely misses you. The gnoll misses you.
You shoot an arrow. The endoplasm quivers.
The arrow hits the hobgoblin!
You kill the hobgoblin!
The gnoll closely misses you. The orc barely misses you.
The orc hits you with a +2 war axe of draining.
The gnoll closely misses you. The orc closely misses you.
You shoot an arrow. The arrow hits the orc!
You kill the orc!
The gnoll hits you from afar with a +0 spear.
The orc hits you from afar with a +0 trident.
You shoot an arrow. The arrow hits the orc!
You kill the orc!
The bat hits you but does no damage.
The gnoll hits you from afar with a +0 spear.
The orc barely misses you.
A quokka comes into view.
The gnoll barely misses you.
The orc hits you from afar with a +0 trident!
The bat hits you but does no damage.
You shoot an arrow. The arrow hits the bat.
You kill the bat!
The orc barely misses you.
The gnoll hits you but does no damage. x2
The orc hits you but does no damage. The gnoll hits you with a +0 flail.
You shoot an arrow. The arrow hits the gnoll.
The gnoll is moderately wounded.
The orc hits you from afar with a +0 trident.
The gnoll hits you but does no damage. x2; The gnoll hits you with a +0 flail!
You die... ..........# #......... #........ ....... .rg.. gJo

#g# #@# #.# #.#
###.########.#...
#...............
#......#####.##.##
#......# ....##
##......# #.#..#
........# ##....##


You could see 3 gnolls, an orc, an endoplasm and a quokka.

Vanquished Creatures
  4 gnolls
  2 adders (D:2)
  A worm (D:2)
  6 dart slugs
  3 orcs (D:3)
  6 endoplasms
  2 giant cockroaches
  2 goblins
  7 hobgoblins
  2 jackals (D:2)
  3 quokkas (D:1)
  7 ball pythons
  3 bats
  3 frilled lizards (D:2)
  3 kobolds (D:1)
  2 rats (D:1)
56 creatures vanquished.

Notes
Turn   | Place    | Note
-------+----------+-------------------------------------------
     0 | D:1      | qw the Gargoyle Hunter began the quest for the Orb.
     0 | D:1      | Reached XP level 1. HP: 12/12 MP: 1/1
     0 | D:1      | 0 ||| qw: Version: 0.3-a-76-g4403597
     0 | D:1      | 0 ||| qw: Game counter: 936
     0 | D:1      | 0 ||| qw: Melee chars always use a shield: true
     0 | D:1      | 0 ||| qw: God list: Okawaru
     0 | D:1      | 0 ||| qw: Allow faded altars: false
     0 | D:1      | 0 ||| qw: Do Orc after clearing Dungeon:15 true
     0 | D:1      | 0 ||| qw: Do second Lair branch before Depths: true
     0 | D:1      | 0 ||| qw: Lair rune preference: random
     0 | D:1      | 0 ||| qw: Goals: Normal
     0 | D:1      | 0 ||| PLANNING D:1-11
   181 | D:1      | Reached XP level 2. HP: 17/17 MP: 2/2
   532 | D:1      | Reached XP level 3. HP: 21/21 MP: 3/3
   568 | D:1      | Reached skill level 5 in Ranged Weapons
   915 | D:1      | 915 ||| UPGRADING to amulet of faith.
   920 | D:1      | 920 ||| READING scroll labelled EWIXAF ULEINA.
   921 | D:1      | 921 ||| READING scroll labelled VAPSUM BAIBLIY.
   922 | D:1      | 922 ||| READING scroll labelled DIBLYUT WYSEOZ.
   923 | D:1      | 923 ||| DRINKING 3 dark potions.
   924 | D:1      | 924 ||| DROPPING scroll of butterflies.
   975 | D:2      | Found Kiptor's General Store.
   985 | D:2      | 985 ||| SHOPLISTING +1 pair of boots (161 gold, have 75).
   985 | D:2      | 985 ||| BUYING potion of heal wounds (70 gold).
   985 | D:2      | Bought a potion of heal wounds for 70 gold pieces
   985 | D:2      | 985 ||| SHOPLISTING scroll of identify (28 gold, have 5).
  1038 | D:2      | 1038 ||| FLEEEEING.
  1056 | D:2      | 1056 ||| RETREATING.
  1062 | D:2      | Reached skill level 3 in Fighting
  1063 | D:2      | HP: 3/23 [gnoll/+0 halberd (13)]
  1064 | D:2      | 1064 ||| DRINKING potion of heal wounds.
  1066 | D:2      | Reached XP level 4. HP: 8/28 MP: 4/4
  1730 | D:2      | 1730 ||| UPGRADING to +0 pair of gloves.
  1735 | D:2      | 1735 ||| UPGRADING to +0 ring mail.
  1745 | D:2      | 1745 ||| DROPPING +0 leather armour.
  1746 | D:2      | 1746 ||| UPGRADING to +0 cloak.
  1751 | D:2      | 1751 ||| READING scroll labelled NEHUAF TONNA.
  1752 | D:2      | 1752 ||| READING 2 scrolls labelled ATIGOJEALI.
  1753 | D:2      | 1753 ||| DRINKING 3 glowing ruby potions.
  1754 | D:2      | 1754 ||| DROPPING scroll of poison.
  1771 | D:3      | 1771 ||| PLANNING SEWER
  1771 | D:3      | Found a faded altar of an unknown god.
  1824 | D:3      | Reached skill level 1 in Armour
  1824 | D:3      | Reached XP level 5. HP: 29/32 MP: 5/5
  1829 | D:3      | HP: 7/32 [orc/+0 trident (7)]
  1831 | D:3      | Slain by a gnoll

Levels and vault maps discovered:
D:1:      psy_arrival_spokes, layout_basic
D:2:      layout_basic, serial_shops, nicolae_lakefront_shop
D:3:      layout_rooms, hellmonk_ecumenical_altar_arch_garden,
          cheibrodos_sewer_entry_drain

Skill      XL: |  1  2  3  4 |
---------------+-------------+-----
Ranged Weapons | 5 |  5.7
Fighting       | 3 |  3.2
Armour         | 1 |  1.0
Dodging        | |  1.5
Stealth        | |  1.1

Action                     |  1- 3 |  4- 6 || total
---------------------------+-------+-------++-------
   Fire: Shortbow          |    98 |    65 ||   163
    Use: Scroll            |     3 |     2 ||     5
         Potion            |     2 |     1 ||     3
 Armour: Leather armour    |    20 |    25 ||    45
         Ring mail         |       |    29 ||    29
  Dodge: Dodged            |    29 |    54 ||    83

Table legend:
 A = Non-vault XP
 B = Vault XP
 C = Vault XP percentage of total XP
 D = Non-vault monster count
 E = Vault monster count
 F = Vault count percentage of total count
                 A         B        C        D         E       F
            +---------+---------+-------+---------+---------+-------
      Total |     190 |       0 |   0.0 |      56 |       0 |   0.0
            +---------+---------+-------+---------+---------+-------
        D:1 |      43 |       0 |   0.0 |      23 |       0 |   0.0
        D:2 |     116 |       0 |   0.0 |      25 |       0 |   0.0
        D:3 |      31 |       0 |   0.0 |       8 |       0 |   0.0
            +---------+---------+-------+---------+---------+-------
